 Dungeon Crawl Stone Soup version 0.24-a0-446-g87df7205b4 (webtiles) character file.

Game seed: 8182211669768390006

52 ivs the Sneak (level 3, -2/16 HPs)
             Began as a Vine Stalker Enchanter on June 23, 2019.
             Slain by an orc wizard
             ... wielding a +0 dagger
              (5 damage)
             ... on level 3 of the Dungeon.
             The game lasted 00:10:54 (1096 turns).

ivs the Sneak (Vine Stalker Enchanter)              Turns: 1096, Time: 00:10:55

Health: -2/16      AC:  2    Str: 10    XL:     3   Next: 85%
Magic:  0/7        EV: 12    Int: 16    God:
Gold:   117        SH:  0    Dex: 14    Spells: 1/7 levels left

rFire    . . .     SeeInvis .   a - +1 dagger
rCold    . . .     Gourm    .   (no shield)
rNeg     . . .     Faith    .   b - +0 robe
rPois    .         Spirit   +   (no helmet)
rElec    .         Reflect  .   (no cloak)
rCorr    .         Harm     .   (no gloves)
MR       .....                  (no boots)
Stlth    ++........             R - amulet of regeneration
HPRegen  0.45/turn              (no ring)
MPRegen  0.10/turn              (no ring)

@: very slightly contaminated
A: fangs 2, magic shield, antimagic bite, no potion heal 3, rot immunity
a: no special abilities


You were on level 3 of the Dungeon.
You were hungry.

You visited 1 branch of the dungeon, and saw 3 of its levels.

You collected 117 gold pieces.

Inventory:

Hand Weapons
 a - a +1 dagger (weapon)
Missiles
 e - 13 poisoned darts (quivered)
Armour
 b - a +0 robe (worn)
Jewellery
 R - an amulet of regeneration (around neck)
Scrolls
 f - a scroll of identify {unknown}
 g - a scroll of amnesia {unknown}
 i - a scroll of immolation {unknown}
Potions
 c - a potion of brilliance {unknown}
 j - a potion of heal wounds {unknown}
Comestibles
 d - a ration


   Skills:
 - Level 1.8 Short Blades
 - Level 1.5 Dodging
 - Level 3.6 Stealth
 + Level 2.6 Spellcasting
 + Level 3.3 Hexes
 - Level 1.6 Ice Magic


You had one spell level left.
You knew the following spells:

 Your Spells              Type           Power        Failure   Level  Hunger
a - Corona                Hex            ##.....      4%          1    #......
c - Confuse               Hex            ##......     14%         3    ###....
h - Ensorcelled Hibernat  Hex/Ice        ##....       11%         2    ##.....

Your spell library contained the following spells:

 Spells                   Type           Power        Failure   Level  Hunger
 Tukima's Dance           Hex            ##......     14%         3    ###....
 Dazzling Spray           Conj/Hex       #.....       28%         3    ###....


Dungeon Overview and Level Annotations

Branches:
Dungeon (3/15)

Altars:


Innate Abilities, Weirdness & Mutations

You have extremely sharp teeth.
When hurt, damage is shared between your health and your magic reserves.
Your bite disrupts and absorbs the magic of your enemies.
Potions cannot restore your health.
You are immune to rotting.


Message History

The orc wizard is moderately wounded.
The orc wizard closely misses you.
The orc wizard gestures at you while chanting.
The magic dart hits you!
* * * LOW HITPOINT WARNING * * *
You hit the orc wizard. Your bite misses the orc wizard.
The orc wizard is heavily wounded.
The orc wizard hits you with a +0 dagger.
* * * LOW HITPOINT WARNING * * *
Okay, then.
Okay, then.
Unknown command.
You hit the orc wizard but do no damage.
The orc wizard is heavily wounded.
The orc wizard hits you with a +0 dagger.
* * * LOW HITPOINT WARNING * * *
You closely miss the orc wizard.
The orc wizard is heavily wounded.
The orc wizard hits you with a +0 dagger.
You die...

#.#####.# #....##.#
####.#..# ########.#...
#.....##.#.#.
#.....##.#.#.
#......#.###.
############......#.....
.......@oo.)...>.<......
#########o#####.######..
....r....$.............
.....$..........###....
................# #....
................# #....
................# #....
..r.............# #....
................ #....


You could see an orc wizard and 2 orcs.

Vanquished Creatures
  2 worms (D:2)
  A dart slug (D:1)
  2 leopard geckos
  2 orcs (D:3)
  5 bats
  A giant cockroach (D:1)
  11 goblins
  4 hobgoblins
  2 ball pythons (D:1)
  A frilled lizard (D:1)
  2 kobolds (D:1)
  4 rats
37 creatures vanquished.

Notes
Turn   | Place    | Note
-------+----------+-------------------------------------------
     0 | D:1      | ivs the Vine Stalker Enchanter began the quest for the Orb.
     0 | D:1      | Reached XP level 1. HP: 9/9 MP: 4/4
    55 | D:1      | Reached skill level 1 in Short Blades
    58 | D:1      | You fall into a shaft and drop 1 floor!
   261 | D:1      | Reached XP level 2. HP: 8/13 MP: 3/6
   265 | D:1      | Learned a level 2 spell: Ensorcelled Hibernation
   393 | D:1      | Reached skill level 1 in Ice Magic
   553 | D:1      | Reached XP level 3. HP: 16/16 MP: 1/7
   558 | D:1      | Learned a level 3 spell: Confuse
  1096 | D:3      | Slain by an orc wizard

Levels and vault maps discovered:
D:1:      nagdon_arrival_zigzag_paths, layout_loops_ring,
          chequers_hall_statues_wall_a, serial_park_tiny_1, tso_altar
D:2:      layout_loops_corners
D:3:      layout_basic, fedhas_ov_isle_minmay, cheibrodos_sewer_entry_drain,
          kennysheep_orc_chapel

Skill      XL: |  1  2 |
---------------+-------+-----
Short Blades   | 1 |  1.8
Ice Magic      | 1 |  1.6
Dodging        | |  1.5
Stealth        | |  3.6
Spellcasting   | |  2.6
Hexes          | |  3.3

Action                   || total
-------------------------++-------
Melee: Dagger            ||    90
       Bite              ||    21
 Cast: Corona            ||    18
       Ensorcelled Hiber ||    22
 Stab: Sleeping          ||    14
  Eat: Chunk             ||     2
Armor: Robe              ||    17
Dodge: Dodged            ||    60

Table legend:
 A = Non-vault XP
 B = Vault XP
 C = Vault XP percentage of total XP
 D = Non-vault monster count
 E = Vault monster count
 F = Vault count percentage of total count
                 A         B        C        D         E       F
            +---------+---------+-------+---------+---------+-------
      Total |      75 |       0 |   0.0 |      37 |       0 |   0.0
            +---------+---------+-------+---------+---------+-------
        D:1 |      38 |       0 |   0.0 |      22 |       0 |   0.0
        D:2 |      28 |       0 |   0.0 |      11 |       0 |   0.0
        D:3 |       9 |       0 |   0.0 |       4 |       0 |   0.0
            +---------+---------+-------+---------+---------+-------
